 Dungeon Crawl Stone Soup version 0.30-a0-1085-g990a428a5c (webtiles) character file.

Game seed: 16873053265716866672

1098 lesbiats the Ruffian (level 8, -4/79 HPs)
             Began as a Troll Fighter on Apr 17, 2023.
             Slain by a black bear (7 damage)
             ... on level 5 of the Dungeon.
             The game lasted 00:12:26 (3392 turns).

lesbiats the Ruffian (Troll Fighter)                Turns: 3392, Time: 00:12:27

Health: -4/79      AC: -4    Str: 25    XL:     8   Next: 10%
Magic:  0/7        EV:  8    Int:  6    God:
Gold:   121        SH:  8    Dex:  9    Spells: 7/7 levels left

rFire   . . .      SeeInvis .      - Unarmed
rCold   . . .      Faith    .    b - +0 kite shield
rNeg    + . .      Spirit   +    a - +0 robe
rPois   .          Reflect  .    (helmet restricted)
rElec   .          Rampage  .    (no cloak)
rCorr   .                        (gloves unavailable)
Will    +....                    (boots unavailable)
Stlth   +                        h - amulet of guardian spirit
HPRegen 1.13/turn                i - ring of willpower
MPRegen 0.10/turn                j - ring of positive energy

@: corroded
A: large, unfitting armour, claws 3, regeneration 1, shaggy fur 1, tough skin 1
a: no special abilities


You were on level 5 of the Dungeon.
You visited 1 branch of the dungeon, and saw 5 of its levels.
You also visited: Sewer.

You collected 121 gold pieces.

Inventory:

Missiles
 q - 12 poisoned darts (quivered)
 y - 3 boomerangs
Armour
 a - a +0 robe (worn)
 b - a +0 kite shield (worn)
Jewellery
 h - an amulet of guardian spirit (around neck)
 i - a ring of willpower (left claw)
 j - a ring of positive energy (right claw)
 m - a ring of fire
Scrolls
 d - 2 scrolls of noise
 f - a scroll of identify
 k - a scroll of blinking {unknown}
 n - 2 scrolls of amnesia {unknown}
 o - a scroll of enchant weapon {unknown}
 p - a scroll of immolation {unknown}
 r - a scroll of fog {unknown}
 s - a scroll of fear {unknown}
 t - 2 scrolls of teleportation {unknown}
 u - a scroll of summoning {unknown}
 v - 3 scrolls of magic mapping {unknown}
Potions
 c - 2 potions of might
 e - a potion of berserk rage {unknown}
 g - 2 potions of degeneration
 l - 5 potions of curing
 w - a potion of magic
 x - 2 potions of ambrosia {unknown}
 z - a potion of lignification {unknown}


   Skills:
 + Level 4.5 Fighting
 - Level 2.4 Dodging
 + Level 5.1 Shields
 * Level 7.0 Unarmed Combat


You had 7 spell levels left.
You didn't know any spells.
Your spell library contained the following spells:

 Spells                   Type           Power      Damage    Failure   Level
 Ensorcelled Hibernation  Hex/Ice        0%         N/A       86%         2
 Passwall                 Tmut/Erth      0%         N/A       86%         2
 Swiftness                Air            0%         N/A       97%         3


Dungeon Overview and Level Annotations

Branches:
Dungeon (5/15)              Sewer (visited)
 Temple: D:4-7

Altars:
Dithmenos
Elyvilon
Fedhas
Kikubaaqudgha
Yredelemnul


Innate Abilities, Weirdness & Mutations

You are too large for most types of armour.
You have claws for hands.
Your natural rate of healing is unusually fast.
You are covered in fur. (AC +1)
You have tough skin. (AC +1)


Message History

You claw the black bear!
The black bear is moderately wounded.
You feel sick. The black bear closely misses you.
The black bear completely misses you. The black bear closely misses you.
You closely miss the black bear.
The black bear is moderately wounded.
You feel sick. The black bear bites you. The black bear claws you. x2
You claw the black bear!
The black bear is severely wounded.
You feel sick. You block the black bear's attack. x2
The black bear barely misses you.
You scratch the black bear but do no damage.
The black bear is severely wounded.
You feel sick.
You are no longer poisoned.
The black bear bites you!
* * * LOW HITPOINT WARNING * * *
The black bear claws you.
* * * LOW HITPOINT WARNING * * *
The black bear closely misses you.
You claw the black bear!
The black bear is almost dead.
The black bear goes berserk!
The black bear bites you!
* * * LOW HITPOINT WARNING * * *
You block the black bear's attack. The black bear claws you.
* * * LOW HITPOINT WARNING * * *
You scratch the black bear.
The black bear is almost dead.
The black bear bites you.
* * * LOW HITPOINT WARNING * * *
You block the black bear's attack. The black bear claws you.
* * * LOW HITPOINT WARNING * * *
You barely miss the black bear.
The black bear is almost dead.
The black bear bites you.
* * * LOW HITPOINT WARNING * * *
The black bear closely misses you. The black bear claws you.
* * * LOW HITPOINT WARNING * * *
The black bear bites you!
You die...

....... ...
......$ .....
....... l?...
....... .....
?.... ##..... .<
....##....
#...##....####
##....<.....###..
...?.....h@.......
######..#####...#.
#...# ... #..## .
#.. ... #.#. ..


You could see a black bear (berserk).

Vanquished Creatures
  Sigmund (D:2)
  An ogre (D:4)
  2 phantoms (D:4)
  A kobold brigand (Sewer)
  Blork the orc (D:4)
  A water moccasin zombie (D:4)
  A scorpion (D:4)
  2 bullfrog zombies (D:4)
  3 orc priests (D:4)
  A centaur zombie (D:4)
  A jelly (D:5)
  An orc wizard (D:4)
  12 adders
  5 worms
  A dart slug (D:4)
  9 orcs (D:4)
  18 ball pythons
  6 endoplasms
  3 giant cockroaches
  9 goblins
  6 hobgoblins
  3 jackals (D:2)
  4 quokkas
  3 bats (D:1)
  3 frilled lizards
  5 kobolds
  A quokka zombie (D:4)
  7 rats
111 creatures vanquished.

Vanquished Creatures (others)
  A plant (D:3)
1 creature vanquished.

Grand Total: 112 creatures vanquished

Notes
Turn   | Place    | Note
-------+----------+-------------------------------------------
     0 | D:1      | lesbiats the Troll Fighter began the quest for the Orb.
     0 | D:1      | Reached XP level 1. HP: 22/22 MP: 0/0
    97 | D:1      | Reached XP level 2. HP: 29/29 MP: 1/1
   210 | D:1      | Found a faded altar of an unknown god.
   685 | D:1      | Reached XP level 3. HP: 36/36 MP: 2/2
   777 | D:2      | Reached skill level 3 in Unarmed Combat
   834 | D:2      | Noticed Sigmund
   840 | D:2      | Found a white marble altar of Elyvilon.
  1227 | D:2      | Identified the +2 leather armour "Munier" {rF- Str+5 Int+2}
  1254 | D:2      | Reached XP level 4. HP: 43/44 MP: 3/3
  1564 | D:3      | Found a blossoming altar of Fedhas.
  1579 | D:3      | Found an ancient bone altar of Kikubaaqudgha.
  1989 | D:4      | Found a shadowy altar of Dithmenos.
  2047 | D:4      | Reached skill level 4 in Unarmed Combat
  2047 | D:4      | Reached XP level 5. HP: 30/53 MP: 4/4
  2090 | D:4      | Reached XP level 6. HP: 60/61 MP: 5/5
  2116 | D:4      | Noticed Blork the orc
  2203 | D:4      | Reached skill level 5 in Unarmed Combat
  2225 | D:4      | Found a glowing drain.
  2235 | Sewer    | Entered a sewer
  2494 | Sewer    | Reached XP level 7. HP: 63/68 MP: 4/6
  2605 | D:4      | Killed Blork the orc
  2674 | D:4      | Reached skill level 6 in Unarmed Combat
  2998 | D:4      | Found a basalt altar of Yredelemnul.
  3186 | D:2      | Killed Sigmund
  3187 | D:2      | Reached skill level 5 in Shields
  3187 | D:2      | Reached XP level 8. HP: 72/79 MP: 5/7
  3374 | D:5      | Entered Level 5 of the Dungeon
  3384 | D:5      | Reached skill level 7 in Unarmed Combat
  3392 | D:5      | HP: 3/79 [black bear (5)]
  3392 | D:5      | Slain by a black bear

Illustrated notes

Levels and vault maps discovered:
D:1:      amcnicky_arrival_abandoned_market, layout_basic,
          hellmonk_ecumenical_altar_heavens_door, kennysheep_nondescript
D:2:      layout_basic, basic_altar, uniq_sigmund
D:3:      layout_rooms, kiku_gazebo_pond_becter, fedhas_altar_1
D:4:      layout_loops_ring, nicolae_yredelemnul_corpse_copse,
          nicolae_overflow_hidden_temple, cheibrodos_sewer_entry_bend,
          uniq_blork_the_orc
D:5:      layout_rooms, serial_shops, shop

Skill      XL: |  1  2  3  4  5  6  7  8 |
---------------+-------------------------+-----
Shields        | 3 4 5 |  5.1
Unarmed Combat | 3 4 5 6 7 |  7.0
Fighting       | 3 4 |  4.5
Dodging        | |  2.4

Action                     |  1- 3 |  4- 6 |  7- 9 || total
---------------------------+-------+-------+-------++-------
  Melee: Unarmed           |   133 |   174 |    78 ||   385
  Throw: Dart              |       |       |     6 ||     6
    Use: Scroll            |       |     2 |     2 ||     4
   Stab: Distracted        |       |     1 |       ||     1
 Armour: Robe              |    44 |    27 |     8 ||    79
  Dodge: Dodged            |    42 |    60 |    16 ||   118
  Block: Kite shield       |    49 |    51 |    30 ||   130

Table legend: (Time is in decaauts)
 A = Elapsed time spent in this place.
 B = Non-inter-level travel time spent in this place.
 C = Inter-level travel time spent in this place.
 D = Time resting spent in this place.
 E = Time spent auto-exploring this place.
 F = Levels seen in this place.
 G = Mean time per level.
                   A        B        C        D        E       F      G
               +--------+--------+--------+--------+--------+-----+--------+
         Total |   3416 |   2845 |    571 |    122 |   1666 |   6 |  569.3 |
       Dungeon |   3103 |   2532 |    571 |    118 |   1546 |   5 |  620.6 |
         Sewer |    312 |    312 |      0 |      4 |    120 |   1 |  312.0 |
               +--------+--------+--------+--------+--------+-----+--------+

Top non-repeatable levels by time:
     D:4: 907 daAuts
     D:1: 814 daAuts
     D:2: 758 daAuts
     D:3: 606 daAuts
   Sewer: 312 daAuts
     D:5: 17 daAuts
